 Dungeon Crawl Stone Soup version 0.21-a0-634-gaf8bc5d (webtiles) character file.

233832 Xronim the Slayer (level 18, -4/182 HPs)
             Began as a Minotaur Fighter on Dec 26, 2017.
             Was a High Priest of Okawaru.
             Slain by a lorocyproca (9 damage)
             ... on level 3 of the Abyss on Dec 30, 2017.
             The game lasted 02:11:38 (34899 turns).

Xronim the Slayer (Minotaur Fighter)               Turns: 34899, Time: 02:11:38

Health: -4/182     AC: 27    Str: 34    XL:     18   Next: 86%
Magic:  13/23      EV: 24    Int:  9    God:    Okawaru [*****.]
Gold:   2491       SH: 17    Dex: 19    Spells: 17/17 levels left

rFire    + . .     SeeInvis .   n - +5 broad axe (drain)
rCold    + . .     Gourm    +   k - +1 shield {reflect}
rNeg     + . .     Faith    .   h - +5 chain mail "Piorim" {rElec rN+}
rPois    +         Spirit   .   (helmet restricted)
rElec    +         Reflect  +   F - +1 cloak
rCorr    .         Harm     .   W - +2 pair of gloves {Dex+3}
MR       +....                  x - +1 pair of boots {Fly}
Stlth    +.........             L - amulet of the gourmand
HPRegen  0.40/turn              U - ring of Xeocs {Str+6 Int+4 Dex+5 Slay+2 Stlth+}
MPRegen  0.18/turn              X - ring of poison resistance

@: finesse, flying, slightly contaminated
A: retaliatory headbutt, hooves 1, horns 2, repulsion field 2, camouflage 1,
cold resistance 1, fire resistance 1
}: 1/15 runes: serpentine
a: Heroism, Finesse, Renounce Religion, Stop Flying


You were on level 3 of the Abyss.
You worshipped Okawaru.
Okawaru was extremely pleased with you.
You were full.

You visited 8 branches of the dungeon, and saw 32 of its levels.
You visited the Abyss 1 time.
You also visited: Sewer.

You collected 2669 gold pieces.
You spent 178 gold pieces at shops.

Inventory:

Hand Weapons
 m - a +0 war axe of flaming
 n - a +5 broad axe of draining (weapon)
 I - the +6 battleaxe "Rabool" {flame, rC+ MR- Int+2}
   (Okawaru gifted it to you on level 13 of the Dungeon)

   It has been specially enchanted to burn those struck by it, causing extra
   injury to most foes and up to half again as much damage against particularly
   susceptible opponents.
   Big, fiery blades are also staple armaments of hydra-hunters.
   It affects your intelligence (+2).
   It protects you from cold.
   It affects your resistance to hostile enchantments.
Missiles
 Q - 3 throwing nets (quivered)
Armour
 b - +2 storm dragon scales
 e - the +0 scale mail of Negation {*Corrode *Slow rElec Int+9}
   (Okawaru gifted it to you on level 1 of the Elven Halls)

   It affects your intelligence (+9).
   It insulates you from electricity.
   It may corrode you when you take damage.
   It may slow you when you take damage.
 h - the +5 chain mail "Piorim" (worn) {rElec rN+}
   (Okawaru gifted it to you on level 3 of the Snake Pit)

   It insulates you from electricity.
   It protects you from negative energy.
 k - a +1 shield of reflection (worn)
 o - a +1 robe of magic resistance
 x - a +1 pair of boots of flying (worn)
 F - a +1 cloak (worn)
 H - a scarf of spirit shield
 O - the -2 pair of boots "Nuutiozy" {rC+ MR+}
   (Okawaru gifted it to you on level 4 of the Lair of Beasts)

   It protects you from cold.
   It affects your resistance to hostile enchantments.
 S - a +2 pair of boots
 W - a +2 pair of gloves of dexterity (worn)
Jewellery
 i - a cursed -2 ring of protection {unknown}
 q - an uncursed ring of see invisible
 u - an uncursed ring of protection from cold
 w - a +2 ring of evasion
 L - an amulet of the gourmand (around neck)
 N - an uncursed ring of protection from fire
 U - the ring of Xeocs (left hand) {Str+6 Int+4 Dex+5 Slay+2 Stlth+}
   (You found it on level 1 of the Lair of Beasts)

   [ring of dexterity]

   It affects your strength (+6).
   It affects your intelligence (+4).
   It affects your dexterity (+5).
   It affects your accuracy and damage with ranged weapons and melee attacks
   (+2).
   It makes you more stealthy.
 V - an uncursed amulet of guardian spirit
 X - a ring of poison resistance (right hand)
Wands
 j - a wand of digging (7)
 s - a wand of polymorph (42)
 C - a wand of flame (34)
 E - a wand of random effects (33)
 G - a wand of paralysis (10)
 Z - a wand of enslavement (15)
Scrolls
 l - a scroll of identify
 v - 2 scrolls of fog
 y - 11 scrolls of teleportation
 z - 11 scrolls of remove curse
 A - 3 scrolls of fear
 D - a scroll of blinking
 P - 6 scrolls of magic mapping
 T - 7 scrolls of amnesia
Potions
 a - a potion of cancellation
 d - a potion of might
 t - 3 potions of brilliance
 J - 5 potions of lignification
 R - 4 potions of agility
 Y - 5 potions of flight
Books
 c - a book of Power

   Spells                             Type                      Level
   a - Iskenderun's Battlesphere      Conjuration/Charms           5
   b - Venom Bolt                     Conjuration/Poison           5
   c - Bolt of Magma                  Conjuration/Fire/Earth       5
   d - Iron Shot                      Conjuration/Earth            6
   e - Orb of Destruction             Conjuration                  7
   f - Spellforged Servitor           Conjuration/Summoning        7
 r - a book of Callings

   Spells                             Type                      Level
   a - Summon Small Mammal            Summoning                    1
   b - Call Imp                       Summoning                    2
   c - Call Canine Familiar           Summoning                    3
   d - Summon Guardian Golem          Hexes/Summoning              3
   e - Summon Lightning Spire         Summoning/Air                4
   f - Summon Ice Beast               Ice/Summoning                4
 M - a book of Cantrips

   Spells                             Type                      Level
   a - Confusing Touch                Hexes                        1
   b - Animate Skeleton               Necromancy                   1
   c - Summon Small Mammal            Summoning                    1
   d - Apportation                    Translocation                1
Miscellaneous
 K - a sack of spiders
Comestibles
 f - 33 rations


   Skills:
 * Level 21.2 Fighting
 - Level 18.2 Axes
 * Level 15.3 Armour
 - Level 15.3 Dodging
 - Level 15.0 Shields
 - Level 8.1 Invocations
 - Level 3.6 Evocations


You had 17 spell levels left.
You didn't know any spells.

Dungeon Overview and Level Annotations

Branches:
Dungeon (15/15)            Temple (1/1) D:6            Lair (6/6) D:9
  Swamp (2/4) Lair:4        Snake (4/4) Lair:4        Slime (0/5) Lair:6
    Orc (2/2) D:10            Elf (1/3) Orc:2        Vaults (1/5) D:13
 Depths (0/5) D:15

Altars:
Ashenzari
Cheibriados
Dithmenos
Elyvilon
Fedhas
Gozag
Hepliaklqana
Kikubaaqudgha
Makhleb
Nemelex Xobeh
Okawaru
Qazlal
Ru
Sif Muna
Trog
Uskayaw
Vehumet
Wu Jian
Xom
Yredelemnul
Zin
The Shining One

Shops:
D:4 (   D:5 %   D:11 !   D:15 [   Orc:2 *(:[   Elf:1 *

Annotations:
D:12 exclusion: obsidian statue
Lair:6 exclusion: 2 oklob plants


Innate Abilities, Weirdness & Mutations

You reflexively headbutt those who attack you in melee.
You have a pair of horns on your head.
You have large cloven feet.
You are surrounded by a moderate repulsion field. (EV +3)
Your skin changes colour to match your surroundings (Stealth+).
Your flesh is cold resistant. (rC+)
Your flesh is heat resistant. (rF+)


Message History

You feel yourself slow down.
The lurking horror explodes!
Your body is wracked with pain!
* * * LOW HITPOINT WARNING * * *
You flicker back into view.
Found a wand of iceblast (8).
Your hands slow down.
Something hits you.
* * * LOW HITPOINT WARNING * * *
You feel your power leaking away.
Deactivating autopickup; reactivate with Ctrl-A.
The guardian serpent coils itself and waves its upper body at you.
You easily resist.
You can now deal lightning-fast blows.
Something barely misses you. The guardian serpent hits you!
* * * LOW HITPOINT WARNING * * *
You miss the guardian serpent. You closely miss something.
You block the guardian serpent's attack.
Something hits you!
You die...

.## ... ..# ##
..## .#.#. #
#####.# ## ≈≈≈
#.#.#.#. # ≈≈≈≈#
##.#.#.#.#
#≈≈...#.@Sa...##
#..#.#.#..#
####.#... .# #
#.. ..# # .#
#..##.#### #
#...##a.##..#
######....
#...X##.##
#####.## #


You could see an entropy weaver and a guardian serpent.

Vanquished Creatures
  An Executioner (Abyss:3)
  2 thorn hunters (Swamp:2)
  14 nagarajas
  Roxanne (Swamp:1)
  An orc warlord (Orc:2)
  A deep elf elementalist (Abyss:3)
  A stone giant (Orc:2)
  A reaper (Abyss:3)
  An ironheart preserver (Vaults:1)
  2 very ugly things (Abyss:3)
  A lorocyproca (Abyss:3)
  7 dire elephants
  2 deep elf death magi (Elf:1)
  Josephine (Lair:4)
  A deep elf high priest (Elf:1)
  A rakshasa (Vaults:1)
  8 hydras
  A ghost crab (Swamp:2)
  The ghost of walrusLord the Fighter, a novice OgTm of Wu Jian (D:6)
  2 catoblepae
  10 anacondas
  19 naga warriors
  2 centaur warriors
  16 two-headed ogres
  3 alligators
  A death knight (D:15)
  2 ogre magi
  A tengu warrior (D:15)
  5 death yaks
  4 dancing weapons (Elf:1)
  A satyr (shapeshifter) (Abyss:3)
  3 thrashing horrors (Abyss:3)
  3 orc high priests (Orc:2)
  26 naga sharpshooters
  5 shock serpents
  6 deep elf knights (Elf:1)
  9 large abominations (Abyss:3)
  Sonja (D:10)
  A soul eater (Abyss:3)
  Nergalle (Lair:1)
  3 salamander mystics (Snake:4)
  A sun demon (Abyss:3)
  A sixfirhy (Abyss:3)
  A wretched star (Abyss:3)
  4 skeletal warriors (Vaults:1)
  2 unseen horrors
  4 deep elf archers
  A sea snake (Snake:4)
  2 swamp dragons (Swamp:2)
  3 shambling mangroves (Swamp:2)
  A spatial maelstrom (Abyss:3)
  4 orc knights
  8 mana vipers
  6 naga ritualists
  A manticore (D:15)
  An oklob plant (Lair:5)
  3 orc sorcerers (Orc:2)
  12 salamanders
  17 deep elf magi
  8 ugly things
  7 cyclopes
  A worldbinder (Abyss:3)
  2 centaur zombies
  2 smoke demons (Abyss:3)
  4 elephants (Lair:6)
  Joseph (D:8)
  8 guardian serpents
  3 apocalypse crabs (Abyss:3)
  20 naga magi
  42 black mambas
  An orange demon (Abyss:3)
  3 spiny frogs
  2 kobold demonologists
  5 freezing wraiths
  A yaktaur (D:13)
  7 komodo dragons
  2 hellwings (Abyss:3)
  An ice devil (Abyss:3)
  2 efreet
  A harpy zombie (D:14)
  4 guardian mummies (D:14)
  3 ancient zymes (Abyss:3)
  3 meliai (D:15)
  9 trolls
  4 tyrant leeches
  6 slime creatures (D:15)
  11 hippogriffs
  13 raiju (Abyss:3)
  3 bog bodies
  7 hornets (Swamp:2)
  5 blink frogs (Lair:1)
  A queen bee (shapeshifter) (D:7)
  2 ynoxinuls (Abyss:3)
  Sigmund (D:4)
  The ghost of Vomitron the Ruffian, an amateur TrMo (D:4)
  20 starcursed masses (Abyss:3)
  37 yaks
  2 spriggans
  A water elemental (Elf:1)
  3 shadows
  6 wraiths
  10 wyverns
  4 basilisks
  8 fire bats (Lair:6)
  2 fire elementals
  7 hungry ghosts
  5 small abominations (Abyss:3)
  A golden eye (Abyss:3)
  17 vampire mosquitoes
  Menkaure (D:5)
  2 chaos spawn (Abyss:3)
  2 neqoxecs (Abyss:3)
  2 steam dragons
  9 insubstantial wisps
  3 wargs
  An acid dragon (D:14)
  74 nagas
  7 swamp worms
  26 orc warriors
  10 swamp drakes
  9 porcupines
  23 water moccasins
  A phantom (D:7)
  3 sky beasts
  3 black bears
  7 ice beasts
  2 eyes of draining
  15 ogres
  19 wolves
  9 centaurs
  15 crocodiles
  11 big kobolds
  17 bullfrogs
  A wyvern zombie (D:10)
  A scorpion (D:9)
  4 killer bees (D:11)
  9 wights
  5 electric eels
  4 howler monkeys
  2 bullfrog zombies
  5 crimson imps
  5 jellies
  2 quasits
  9 hounds
  8 orc priests
  5 centaur skeletons
  22 orc wizards
  An iron imp (Abyss:3)
  3 bullfrog skeletons
  8 iguanas
  4 worker ants
  A killer bee zombie (D:6)
  A hound zombie (D:6)
  2 hound skeletons
  4 mummies (D:14)
  6 gnolls
  18 adders
  6 shadow imps
  A white imp (Abyss:3)
  2 ufetubi (Abyss:3)
  3 oozes
  3 worms (D:2)
  A dart slug (D:2)
  4 leopard geckos
  65 orcs
  10 giant cockroaches
  3 goblins (D:1)
  8 hobgoblins
  6 jackals (Sewer)
  4 quokkas
  4 ball pythons
  8 bats
  6 frilled lizards
  A jackal skeleton (D:9)
  31 kobolds
  A leopard gecko skeleton (D:6)
  A quokka skeleton (D:5)
  12 rats
  14 fungi
  A lurking horror (Abyss:3)
  13 plants
1172 creatures vanquished.

Vanquished Creatures (others)
  A naga sharpshooter (Snake:4)
  A deep elf archer (Elf:1)
  A deep elf mage (Elf:1)
  A spiny frog (Swamp:2)
  An insubstantial wisp (Swamp:2)
  A naga (Snake:4)
  A starcursed mass (Abyss:3)
  2 briar patches (Swamp:2)
  A fungus (Orc:2)
  A lurking horror (Abyss:3)
  4 plants (Lair:6)
15 creatures vanquished.

Grand Total: 1187 creatures vanquished

Notes
Turn   | Place    | Note
-------+----------+-------------------------------------------
     0 | D:1      | Xronim the Minotaur Fighter began the quest for the Orb.
     0 | D:1      | Reached XP level 1. HP: 19/19 MP: 0/0
    96 | D:1      | Reached skill level 4 in Fighting
   105 | D:1      | Reached XP level 2. HP: 23/27 MP: 1/1
   259 | D:1      | Reached XP level 3. HP: 34/34 MP: 2/2
   440 | D:2      | Found an ancient bone altar of Kikubaaqudgha.
   526 | D:2      | Reached XP level 4. HP: 34/41 MP: 3/3
   594 | D:2      | Reached skill level 5 in Fighting
   769 | D:2      | Noticed a moth of wrath
   772 | D:2      | Found a bloodstained altar of Trog.
  1142 | D:3      | Found a glowing silver altar of Zin.
  1602 | D:3      | Found a glowing golden altar of the Shining One.
  1830 | D:3      | You fall through a shaft for 3 floors!
  1889 | D:6      | Reached XP level 5. HP: 35/48 MP: 4/4
  1916 | D:5      | Entered Level 5 of the Dungeon
  1939 | D:4      | Found a burning altar of Makhleb.
  1941 | D:4      | Noticed Vomitron's ghost (amateur TrMo)
  1965 | D:4      | Killed Vomitron's ghost
  1965 | D:4      | Reached skill level 6 in Fighting
  1965 | D:4      | Reached skill level 5 in Axes
  1965 | D:4      | Reached XP level 6. HP: 53/57 MP: 5/5
  2050 | D:4      | Noticed Sigmund
  2107 | D:4      | Killed Sigmund
  2200 | D:4      | Found Geusiug's Weapon Boutique.
  2258 | D:4      | Found a glowing drain.
  2269 | Sewer    | Entered a sewer
  2816 | Sewer    | Reached XP level 7. HP: 64/64 MP: 6/6
  3215 | D:4      | Reached skill level 7 in Fighting
  3215 | D:4      | Reached skill level 5 in Shields
  3663 | D:5      | Found Irepsiym's Food Shop.
  3666 | D:5      | Bought a ration for 50 gold pieces
  3681 | D:5      | Reached skill level 8 in Fighting
  3767 | D:5      | Reached XP level 8. HP: 62/74 MP: 7/7
  4047 | D:5      | Noticed Menkaure
  4054 | D:5      | Killed Menkaure
  4550 | D:6      | Found a staircase to the Ecumenical Temple.
  4551 | D:6      | Noticed walrusLord's ghost (novice OgTm)
  4564 | D:6      | Killed walrusLord's ghost
  4564 | D:6      | Reached skill level 9 in Fighting
  4572 | Temple   | Entered the Ecumenical Temple
  4678 | Temple   | Became a worshipper of Warmaster Okawaru
  4727 | D:6      | Reached XP level 9. HP: 74/85 MP: 8/8
  4973 | D:6      | Reached skill level 10 in Fighting
  5060 | D:6      | Found a white marble altar of Elyvilon.
  5147 | D:6      | Found a hide-covered altar of Uskayaw.
  5445 | D:7      | Reached skill level 10 in Axes
  5508 | D:7      | Reached * piety under Okawaru
  5698 | D:7      | Found a sand-covered staircase.
  6199 | D:8      | Found a shattered altar of Ashenzari.
  6216 | D:8      | Reached skill level 11 in Fighting
  6216 | D:8      | Reached skill level 5 in Armour
  6339 | D:8      | Reached skill level 1 in Dodging
  6457 | D:8      | Reached ** piety under Okawaru
  6473 | D:8      | Reached XP level 10. HP: 73/96 MP: 9/9
  6652 | D:8      | Noticed a six-headed hydra
  6673 | D:8      | Noticed a harpy
  6941 | D:8      | Killed a six-headed hydra
  6992 | D:8      | Noticed Joseph
  7008 | D:8      | Killed Joseph
  7008 | D:8      | Reached *** piety under Okawaru
  7041 | D:8      | Noticed a two-headed ogre
  7049 | D:8      | Killed a two-headed ogre
  7072 | D:8      | Noticed a two-headed ogre
  7073 | D:8      | Found a blossoming altar of Fedhas.
  7077 | D:8      | Killed a two-headed ogre
  7134 | D:8      | Found an ancient bone altar of Kikubaaqudgha.
  7146 | D:8      | Reached skill level 12 in Fighting
  7156 | D:8      | Reached skill level 5 in Invocations
  7157 | D:8      | Found a shimmering altar of Xom.
  7157 | D:8      | Found a stormy altar of Qazlal.
  7157 | D:8      | Found an opulent altar of Gozag.
  7237 | D:8      | Got a crude glaive
  7262 | D:8      | Identified the +8 glaive "Pendulum" {chop, -Tele +Inv rF+++ MR+} (You found it on level 8 of the Dungeon)
  7637 | D:9      | Reached **** piety under Okawaru
  7637 | D:9      | Reached XP level 11. HP: 73/104 MP: 10/13
  7859 | D:9      | Found a staircase to the Lair.
  8082 | D:9      | Noticed a two-headed ogre
  8091 | D:9      | Killed a two-headed ogre
  8109 | D:9      | Got a twisted hunting sling
  8111 | D:9      | Identified the cursed +0 hunting sling "Boub" {velocity, rF++ rC++ Int-3} (You found it on level 9 of the Dungeon)
  8143 | D:9      | Found a hazy altar of Hepliaklqana.
  8248 | D:9      | Noticed a two-headed ogre
  8259 | D:9      | Killed a two-headed ogre
  8585 | Lair:1   | Entered Level 1 of the Lair of Beasts
  8618 | Lair:1   | Got an ancient wooden ring
  8621 | Lair:1   | Identified the ring of Xeocs {Str+6 Int+4 Dex+5 Slay+2 Stlth+} (You found it on level 1 of the Lair of Beasts)
  8722 | Lair:1   | Reached ***** piety under Okawaru
  8741 | Lair:1   | Noticed Nergalle
  8743 | Lair:1   | Reached skill level 13 in Fighting
  8750 | Lair:1   | Killed Nergalle
  9491 | Lair:2   | Received a gift from Okawaru
  9736 | Lair:2   | Noticed a catoblepas
  9758 | Lair:2   | Killed a catoblepas
  9758 | Lair:2   | Reached XP level 12. HP: 46/116 MP: 14/14
 10003 | Lair:2   | Reached skill level 14 in Fighting
 10289 | Lair:2   | Upgraded the game from 0.21-a0-630-g344d351 to 0.21-a0-634-gaf8bc5d
 10537 | Lair:3   | Reached skill level 1 in Evocations
 10601 | Lair:3   | Noticed a death yak
 10609 | Lair:3   | Noticed a death yak
 10610 | Lair:3   | Noticed a death yak
 10610 | Lair:3   | Noticed a death yak
 10610 | Lair:3   | Killed a death yak
 10611 | Lair:3   | Noticed a death yak
 10679 | Lair:2   | Killed a death yak
 10904 | Lair:3   | Killed a death yak
 10910 | Lair:3   | Killed a death yak
 10915 | Lair:3   | Killed a death yak
 11102 | Lair:3   | Noticed a seven-headed hydra
 11112 | Lair:3   | Killed a seven-headed hydra
 11112 | Lair:3   | Received a gift from Okawaru
 11112 | Lair:3   | Reached skill level 15 in Fighting
 12143 | Lair:4   | Reached skill level 15 in Axes
 12162 | Lair:4   | Noticed Josephine
 12172 | Lair:4   | Killed Josephine
 12331 | Lair:4   | Noticed a four-headed hydra
 12341 | Lair:4   | Killed a four-headed hydra
 12400 | Lair:4   | Found a staircase to the Swamp.
 12411 | Lair:4   | Reached XP level 13. HP: 117/128 MP: 15/15
 12843 | Lair:4   | Found a staircase to the Snake Pit.
 12861 | Lair:4   | Received a gift from Okawaru
 12863 | Lair:4   | Got a pair of heavily runed boots {god gift}
 12876 | Lair:4   | Identified the -2 pair of boots "Nuutiozy" {rC+ MR+} (Okawaru gifted it to you on level 4 of the Lair of Beasts)
 12915 | Lair:5   | Reached skill level 16 in Fighting
 13058 | Lair:5   | Reached skill level 10 in Shields
 13868 | Lair:5   | Found the +7 Singing Sword
 14147 | Lair:6   | Entered Level 6 of the Lair of Beasts
 14492 | Lair:6   | Reached skill level 5 in Dodging
 14613 | Lair:6   | Gained mutation: You tend to lose your temper in combat. [potion of mutation]
 14613 | Lair:6   | Gained mutation: You passively map a small area around you. [potion of mutation]
 14617 | Lair:6   | Lost mutation: You tend to lose your temper in combat. [potion of mutation]
 14617 | Lair:6   | Gained mutation: Scrolls take you a little longer to read. [potion of mutation]
 14617 | Lair:6   | Gained mutation: You are weak. (Str -2) [potion of mutation]
 14617 | Lair:6   | Gained mutation: You are surrounded by a mild repulsion field. (EV +2) [potion of mutation]
 14617 | Lair:6   | Gained mutation: You have large cloven feet. [potion of mutation]
 14738 | Lair:6   | Found a staircase to the Slime Pits.
 15014 | Lair:6   | Reached ****** piety under Okawaru
 15629 | Lair:6   | Noticed a dire elephant
 15629 | Lair:6   | Noticed a dire elephant
 15645 | Lair:6   | Killed a dire elephant
 15652 | Lair:6   | Killed a dire elephant
 15652 | Lair:6   | Received a gift from Okawaru
 15679 | Lair:6   | Noticed a dire elephant
 15697 | Lair:6   | Killed a dire elephant
 15745 | Lair:6   | Noticed a dire elephant
 15753 | Lair:6   | Killed a dire elephant
 15771 | Lair:6   | Noticed a dire elephant
 15781 | Lair:6   | Noticed a dire elephant
 15786 | Lair:6   | Killed a dire elephant
 15797 | Lair:6   | Killed a dire elephant
 15797 | Lair:6   | Reached XP level 14. HP: 43/137 MP: 10/16
 16648 | D:10     | Entered Level 10 of the Dungeon
 16649 | D:10     | Found a staircase to the Orcish Mines.
 16815 | D:10     | Noticed Sonja
 16823 | D:10     | Killed Sonja
 16895 | D:10     | Found a shattered altar of Ashenzari.
 17667 | D:11     | Found Ozxoidd's Distillery.
 17680 | D:11     | Bought a potion of mutation for 128 gold pieces
 17680 | D:11     | Lost mutation: You are weak. (Str -2) [potion of mutation]
 17680 | D:11     | Lost mutation: Scrolls take you a little longer to read. [potion of mutation]
 17680 | D:11     | Lost mutation: You passively map a small area around you. [potion of mutation]
 17680 | D:11     | Gained mutation: Your skin changes colour to match your surroundings (Stealth+). [potion of mutation]
 17680 | D:11     | Gained mutation: You are weak. (Str -2) [potion of mutation]
 17680 | D:11     | Gained mutation: Armour fits poorly on your strangely shaped body. [potion of mutation]
 17680 | D:11     | Gained mutation: You are surrounded by a moderate repulsion field. (EV +3) [potion of mutation]
 18453 | D:13     | Received a gift from Okawaru
 18464 | D:13     | Got a steaming battleaxe {god gift}
 18470 | D:13     | Identified the +6 battleaxe "Rabool" {flame, rC+ MR- Int+2} (Okawaru gifted it to you on level 13 of the Dungeon)
 19163 | D:13     | Reached skill level 17 in Fighting
 19418 | D:13     | Found a gate to the Vaults.
 19434 | D:13     | Received a gift from Okawaru
 19451 | D:13     | Reached skill level 10 in Armour
 19759 | D:14     | Noticed a reaper
 19759 | D:14     | Noticed a reaper
 19759 | D:14     | Noticed a reaper
 19759 | D:14     | Noticed a reaper
 19759 | D:14     | Noticed a reaper
 20523 | D:14     | Reached XP level 15. HP: 107/148 MP: 20/20
 20579 | D:15     | Entered Level 15 of the Dungeon
 20759 | D:15     | Found a glowing golden altar of the Shining One.
 21991 | D:15     | Reached skill level 18 in Fighting
 22170 | D:15     | Found Suxkioti's Armour Shop.
 22625 | D:15     | Found a staircase to the Depths.
 22778 | Orc:1    | Entered Level 1 of the Orcish Mines
 22903 | Orc:2    | Entered Level 2 of the Orcish Mines
 22928 | Orc:2    | Noticed an orc warlord
 22945 | Orc:2    | Killed an orc warlord
 23170 | Orc:2    | Found Mileso Nuoj's Antique Weapon Shop.
 23182 | Orc:2    | Found Peqan's General Store.
 23217 | Orc:2    | Found Feobaos's Book Shop.
 23516 | Orc:2    | Found Qothroeke's Antique Armour Shoppe.
 23525 | Orc:2    | Received a gift from Okawaru
 23742 | Orc:2    | Found a staircase to the Elven Halls.
 24042 | Snake:1  | Entered Level 1 of the Snake Pit
 24971 | Snake:2  | Reached XP level 16. HP: 134/159 MP: 18/21
 25633 | Snake:2  | Received a gift from Okawaru
 25915 | Snake:2  | Reached skill level 15 in Shields
 25920 | Snake:2  | Reached skill level 19 in Fighting
 26460 | Snake:3  | Found a sparkling altar of Nemelex Xobeh.
 27060 | Snake:3  | Received a gift from Okawaru
 27078 | Snake:3  | Got an ancient chain mail {god gift}
 27090 | Snake:3  | Identified the +5 chain mail "Piorim" {rElec rN+} (Okawaru gifted it to you on level 3 of the Snake Pit)
 27267 | Swamp:1  | Entered Level 1 of the Swamp
 27401 | Swamp:1  | Noticed Roxanne
 27419 | Swamp:1  | Killed Roxanne
 27701 | Swamp:1  | Lost mutation: Armour fits poorly on your strangely shaped body. [potion of mutation]
 27701 | Swamp:1  | Lost mutation: You are weak. (Str -2) [potion of mutation]
 27701 | Swamp:1  | Gained mutation: Your flesh is heat resistant. (rF+) [potion of mutation]
 27701 | Swamp:1  | Gained mutation: Your flesh is cold resistant. (rC+) [potion of mutation]
 27891 | Swamp:2  | Noticed a thorn hunter
 27909 | Swamp:2  | Killed a thorn hunter
 27987 | Swamp:2  | Noticed a thorn hunter
 27998 | Swamp:2  | Killed a thorn hunter
 29240 | Elf:1    | Entered Level 1 of the Elven Halls
 29335 | Elf:1    | Reached XP level 17. HP: 159/168 MP: 22/22
 29343 | Elf:1    | Received a gift from Okawaru
 29475 | Elf:1    | Received a gift from Okawaru
 29494 | Elf:1    | Got a brightly glowing scale mail {god gift}
 29506 | Elf:1    | Identified the +0 scale mail of Negation {*Corrode *Slow rElec Int+9} (Okawaru gifted it to you on level 1 of the Elven Halls)
 29654 | Elf:1    | Found Ginuaret's Assorted Antiques.
 29796 | Elf:1    | Reached skill level 20 in Fighting
 31003 | Snake:4  | Entered Level 4 of the Snake Pit
 31641 | Snake:4  | Reached skill level 10 in Dodging
 31948 | Snake:4  | Reached skill level 15 in Armour
 32065 | Snake:4  | Received a gift from Okawaru
 32362 | Snake:4  | Reached XP level 18. HP: 140/180 MP: 20/23
 32653 | Snake:4  | Got a serpentine rune of Zot
 32852 | Snake:4  | Reached skill level 21 in Fighting
 33682 | Vaults:1 | Entered Level 1 of the Vaults
 33821 | Vaults:1 | Received a gift from Okawaru
 33881 | Vaults:1 | Cast into level 3 of the Abyss (a deep elf demonologist)
 34135 | Abyss:3  | Found a corrupted altar of Lugonu.
 34167 | Abyss:3  | Found a corrupted altar of Lugonu.
 34560 | Abyss:3  | Received a gift from Okawaru
 34572 | Abyss:3  | Reached skill level 15 in Dodging
 34792 | Abyss:3  | Paralysed by accursed screaming for 1 turns
 34898 | Abyss:3  | HP: 5/182 [guardian serpent (11)]
 34899 | Abyss:3  | Slain by a lorocyproca

Vault maps used:
D:1:      minmay_arrival_cross
D:2:      lemuel_crystal_altar, tgw_trog
D:3:      lemuel_doored_altar, lemuel_coloured_pillars_altar, first_ration
D:4:      bloody_makhleb, serial_shops, kennysheep_little_box,
          portal_sewer_entry_d, columned_hall_lemuel,
          hangedman_decor_peaks_small, uniq_sigmund
D:5:      serial_shops, kennysheep_mini_moat, minmay_splitting_lines,
          uniq_menkaure
D:6:      nicolae_overflow_crystal_walls, elyvilon_altar_3, temple_fountains
D:7:      enter_ossuary_5, serial_bayou_lagoon_b
D:8:      minmay_the_grid_octo_2x2, kennysheep_mini, fedhas_altar_2, the_bakery,
          onia_ninara_dug_in_and_dangerous, uniq_joseph
D:9:      old_standard_altar, erik_lair_dragon
D:10:     hangedman_cross_cluster, uniq_sonja
D:11:     special_room, serial_shops, nicolae_shop_competitors_out_of_business
D:12:     minmay_protected_statue
D:13:     minmay_opposing_rooms, hangedman_vaults_entry_quadrant_bands
D:14:     nrook_pool_corridor, minmay_guarded_unrand_curses
D:15:     hangedman_depths_entry_try_elsewhere_first, tso_altar, serial_shops,
          nicolae_shop_trees
Temple:   nicolae_temple_figure_eight
Lair:1:   uniq_nergalle
Lair:4:   swamp_mist_pool, minmay_snake_entry_six_corridors, uniq_josephine
Lair:5:   ldierk_geyser, minmay_lair_oklob_items,
          nicolae_lair_grove_arrangements, patterned_corridor
Lair:6:   due_jungle_book, slime_dummy, serial_bayou, serial_bayou_pond_b,
          serial_bayou_pond_e, serial_bayou_lake_a, grunt_megastairs_4,
          minmay_lair_oklob_chamber
Swamp:1:  serial_swamp_ruin, evilmike_swamp_ruin_house_3,
          evilmike_swamp_ruin_house_5, swamp_pool5, uniq_roxanne
Swamp:2:  evilmike_swamp_ruin_house_1
Snake:2:  st_stairs_10
Snake:3:  basic_altar
Snake:4:  grunt_snake_rune_spirals, serial_bayou_shore_a, basic_stair_grate_trap
Orc:2:    grunt_orc_gardens, grunt_orc_garden, grunt_orc_garden,
          grunt_orc_garden, grunt_orc_garden
Elf:1:    elf_arrival_001, serial_shops,
          nicolae_shop_temple_entry_statues_fountains,
          kennysheep_underground_church, spider_trap
Vaults:1: v_misc_5, v_misc_3, vaults_standard_mumra_lines,
          nicolae_vaults_diagonal_hallway_8, v_misc_19,
          ontoclasm_vaults_gateway, serial_shops, shop, enter_trove_6
Abyss:3:  bh_abyss_exit_choice, doesnt_abyss_rune_brain_food, due_exit_kobolds
Sewer:    sewer_co_scattered_pipes

Skill      XL: |  1  2  3  4  5  6  7  8  9 10 11 12 13 14 15 16 17 18 |
---------------+-------------------------------------------------------+-----
Fighting       | 4 5 6 8 9 11 12 13 15 16 17 18 19 20 21 | 21.2
Axes           | 3 4 5 6 7 9 11 12 13 15 16 17 18 | 18.2
Shields        | 4 5 7 9 12 14 15 | 15.0
Armour         | 5 6 7 8 10 11 13 15 | 15.3
Dodging        | 2 3 6 9 11 15 | 15.3
Invocations    | 5 8 |  8.1
Evocations     | 1 3 |  3.6

Action                   |  1- 3 |  4- 6 |  7- 9 | 10-12 | 13-15 | 16-18 || total
-------------------------+-------+-------+-------+-------+-------+-------++-------
Melee: War axe           |    66 |   184 |   261 |   398 |   612 |     4 ||  1525
       Headbutt          |     7 |    54 |    60 |   136 |   377 |   403 ||  1037
       Whip              |       |       |       |    40 |   129 |       ||   169
       Battleaxe         |       |       |       |       |    17 |       ||    17
       Broad axe         |       |       |       |       |   318 |  1113 ||  1431
Invok: Heroism           |       |       |     2 |    14 |     3 |       ||    19
       Finesse           |       |       |       |     4 |    13 |    21 ||    38
Evoke: Wand              |       |       |       |       |     3 |       ||     3
  Use: Scroll            |     4 |     7 |     4 |     9 |    16 |     5 ||    45
       Potion            |       |     3 |     6 |     8 |    11 |    12 ||    40
 Stab: Distracted        |       |       |       |       |       |     1 ||     1
       Sleeping          |       |       |       |       |       |     2 ||     2
       Invisible         |       |       |       |       |       |     1 ||     1
  Eat: Chunk             |       |     2 |     9 |    25 |    28 |     6 ||    70
       Ration            |       |     3 |       |     3 |     4 |     9 ||    19
Armor: Scale mail        |    34 |     2 |       |       |       |       ||    36
       Chain mail        |       |    42 |    91 |   106 |       |   187 ||   426
       Skin              |       |    19 |       |       |       |       ||    19
       Storm dragon scal |       |       |       |       |   261 |    37 ||   298
Dodge: Dodged            |    25 |    34 |    58 |   100 |   329 |   456 ||  1002
Block: Shield            |    31 |    65 |   138 |   208 |   596 |   663 ||  1701
       Reflection        |       |       |       |       |    26 |    85 ||   111

Table legend:
 A = Spawn XP
 B = Non-spawn XP
 C = Spawn XP percentage of total XP
 D = Spawn monster count
 E = Non-spawn monster count
 F = Spawn count percentage of total count
 G = Total turns spent on level
                    A         B        C        D         E        F      G
               +---------+---------+-------+---------+---------+-------+---------
         Total |   22883 |  341699 |   6.3 |      50 |    1099 |   4.4 | 34899
               +---------+---------+-------+---------+---------+-------+---------
           D:1 |       0 |      54 |   0.0 |       0 |      25 |   0.0 |   390
           D:2 |       0 |      81 |   0.0 |       0 |      24 |   0.0 |   688
           D:3 |       0 |      19 |   0.0 |       0 |      10 |   0.0 |   752
           D:4 |       0 |     565 |   0.0 |       0 |       7 |   0.0 |   887
           D:5 |       0 |     992 |   0.0 |       0 |      20 |   0.0 |   974
           D:6 |       0 |    1845 |   0.0 |       0 |      20 |   0.0 |   940
           D:7 |       0 |    1095 |   0.0 |       0 |      33 |   0.0 |   965
           D:8 |       0 |    5677 |   0.0 |       0 |      39 |   0.0 |  1219
           D:9 |       0 |    4409 |   0.0 |       0 |      21 |   0.0 |  1444
          D:10 |       0 |    6175 |   0.0 |       0 |      48 |   0.0 |   875
          D:11 |       0 |    7332 |   0.0 |       0 |      48 |   0.0 |   471
          D:12 |       0 |    2840 |   0.0 |       0 |      25 |   0.0 |   665
          D:13 |       0 |   15887 |   0.0 |       0 |      50 |   0.0 |  1573
          D:14 |       0 |    6238 |   0.0 |       0 |      28 |   0.0 |  1882
          D:15 |       0 |   15807 |   0.0 |       0 |      42 |   0.0 |  1042
        Lair:1 |       0 |    3869 |   0.0 |       0 |      14 |   0.0 |   989
        Lair:2 |       0 |    5342 |   0.0 |       0 |      19 |   0.0 |  1137
        Lair:3 |       0 |    6893 |   0.0 |       0 |      20 |   0.0 |  1340
        Lair:4 |       0 |    8215 |   0.0 |       0 |      44 |   0.0 |  1246
        Lair:5 |       0 |    7158 |   0.0 |       0 |      29 |   0.0 |  1436
        Lair:6 |       0 |   18527 |   0.0 |       0 |      51 |   0.0 |  2177
       Swamp:1 |       0 |    6711 |   0.0 |       0 |      24 |   0.0 |   643
       Swamp:2 |       0 |   18613 |   0.0 |       0 |      48 |   0.0 |   843
       Snake:1 |       0 |   14244 |   0.0 |       0 |      27 |   0.0 |   936
       Snake:2 |       0 |   28733 |   0.0 |       0 |      52 |   0.0 |  2092
       Snake:3 |       0 |    9353 |   0.0 |       0 |      17 |   0.0 |  1229
       Snake:4 |       0 |   83870 |   0.0 |       0 |     142 |   0.0 |  1823
         Orc:1 |       0 |     309 |   0.0 |       0 |       4 |   0.0 |   352
         Orc:2 |       0 |   14690 |   0.0 |       0 |      58 |   0.0 |   867
         Elf:1 |       0 |   22087 |   0.0 |       0 |      32 |   0.0 |  1003
      Vaults:1 |       0 |    6461 |   0.0 |       0 |       8 |   0.0 |   199
       Abyss:3 |   22883 |   17566 |  56.6 |      50 |      50 |  50.0 |  1018
         Sewer |       0 |      42 |   0.0 |       0 |      20 |   0.0 |   654
               +---------+---------+-------+---------+---------+-------+---------
